 Dungeon Sprint DCSS version 0.30-a0-800-g7c544603b3 (webtiles) character file.

Game seed: 17045376470026121362

53560 rocky1 the Pulveriser (level 14, -5/151 HPs)
             Began as a Minotaur Gladiator on Feb 21, 2023.
             Was an Initiate of Gozag.
             Killed from afar by an ironbound frostheart (17 damage)
             ... by creeping frost
             ... in the Dungeon (Sprint IX: "|||||||||||||||||||||||||||||").
             The game lasted 00:11:55 (4405 turns).

rocky1 the Pulveriser (Minotaur Gladiator)          Turns: 4405, Time: 00:11:56

Health: -5/151     AC: 17    Str: 25    XL:     14   Next: 31%
Magic:  13/13      EV: 39    Int:  5    God:    Gozag
Gold:   2512       SH:  0    Dex: 16    Spells: 13/13 levels left

rFire   . . .      SeeInvis .    o - +7 lajatang of Order {silver, rMut}
rCold   . . .      Faith    .    (shield currently unavailable)
rNeg    . . .      Spirit   .    J - +0 swamp dragon scales of the Blizzard {rPois rCorr Str+2}
rPois   +          Reflect  .    c - +0 hat
rElec   .          Harm     .    (no cloak)
rCorr   +          Rampage  .    z - +0 pair of gloves
rMut    +          NoTele   +    t - +0 pair of boots
Will    +....                    H - amulet of the acrobat
Stlth   +                        q - +2 ring of evasion
HPRegen 0.45/turn                r - +3 ring of dexterity
MPRegen 0.13/turn

@: marked, frozen, gold aura, acrobatic, very slow
A: horns 2, retaliatory headbutt
a: Renounce Religion, Potion Petition, Call Merchant, Bribe Branch


You were in the Dungeon.
You worshipped Gozag.
Gozag was most pleased with you.
You visited 1 branch You collected 16391 gold pieces.
You spent 9177 gold pieces at shops.
You paid 4702 gold pieces to Gozag.

Inventory:

Hand Weapons
 o - the +7 lajatang of Order (weapon) {silver, rMut}
   (You found it in the Dungeon)

   rMut:      It protects you from mutation.
 p - a +2 morningstar of protection
Missiles
 a - 8 poisoned darts
 d - 3 throwing nets (quivered)
 e - 2 javelins
Armour
 c - a +0 hat (worn)
 t - a +0 pair of boots (worn)
 z - a +0 pair of gloves (worn)
 J - the +0 swamp dragon scales of the Blizzard (worn) {rPois rCorr Str+2}
   (You bought it in a shop in the Dungeon)

   Str:       It affects your strength (+2).
   rPois:     It protects you from poison.
   rCorr:     It protects you from acid and corrosion.
 N - a +0 kite shield of reflection
 O - a +0 plate armour of fire resistance
 P - the +9 plate armour of Insurance {Rampage rC+ rCorr Int-4}
   (You bought it in a shop in the Dungeon)

   Int:       It affects your intelligence (-4).
   rC:        It protects you from cold.
   rCorr:     It protects you from acid and corrosion.
   Rampage:   It bestows one free step when moving towards enemies.
Jewellery
 q - a +2 ring of evasion (left hand)
 r - a +3 ring of dexterity (right hand)
 H - an amulet of the acrobat (around neck)
Wands
 n - a wand of roots (10)
 A - a wand of polymorph (12)
 D - a wand of paralysis (7)
Scrolls
 k - 5 scrolls of blinking
 m - 2 scrolls of amnesia
 w - a scroll of fear
 x - 4 scrolls of enchant armour
 y - 6 scrolls of enchant weapon
 F - 2 scrolls of poison
 I - a scroll of silence
 M - 2 scrolls of fog
Potions
 b - 2 potions of resistance
 f - 13 potions of curing
 g - a potion of invisibility
 h - 4 potions of haste
 i - 4 potions of magic
 j - a potion of berserk rage
 l - 3 potions of heal wounds
 u - 4 potions of mutation
 B - a potion of lignification {unknown}
 C - 5 potions of brilliance
 E - 3 potions of cancellation
 G - a potion of flight
 Q - 2 potions of might


   Skills:
 + Level 21.1 Fighting
 + Level 21.6(25.7) Maces & Flails
 + Level 23.5(26.6) Staves
 - Level 2.0 Throwing
 + Level 20.8 Armour
 + Level 19.7 Dodging


You had 13 spell levels left.
You didn't know any spells.
Your spell library contained the following spells:

 Spells                   Type           Power      Damage    Failure   Level
 Slow                     Hex            0%         N/A       56%         1
 Summon Small Mammal      Summ           0%         N/A       56%         1
 Blink                    Tloc           0%         N/A       71%         2
 Cigotuvi's Dreadful Rot  Necr/Pois/Air  0%         N/A       71%         2
 Lesser Beckoning         Tloc           0%         N/A       71%         2
 Momentum Strike          Conj/Tloc      0%         3d8       71%         2
 Sublimation of Blood     Necr           0%         N/A       71%         2
 Call Canine Familiar     Summ           0%         N/A       90%         3
 Confusing Touch          Hex            0%         N/A       90%         3
 Ozocubu's Armour         Ice            0%         N/A       90%         3
 Summon Guardian Golem    Hex/Summ       0%         N/A       90%         3
 Vampiric Draining        Necr           0%         2d6       90%         3
 Vhi's Electric Charge    Tloc/Air       0%         N/A       90%         3
 Dispel Undead            Necr           0%         3d6       100%        4
 Petrify                  Tmut/Erth      0%         N/A       100%        4
 Arcjolt                  Conj/Air       0%         1d10      100%        5
 Blade Hands              Tmut           0%         N/A       100%        5
 Irradiate                Conj/Tmut      0%         3d11      100%        5
 Death Channel            Necr           0%         N/A       100%        6
 Dragon Form              Tmut           0%         N/A       100%        7
 Malign Gateway           Summ/Tloc      0%         N/A       100%        7
 Ozocubu's Refrigeration  Ice            0%         4d7       100%        7
 Maxwell's Capacitive Co  Air            0%         ∞         100%        8
 Summon Horrible Things   Summ           0%         N/A       100%        8
 Chain Lightning          Conj/Air       0%         N/A       100%        9
 Fire Storm               Conj/Fire      0%         5d1       100%        9
 Shatter                  Erth           0%         3d5*      100%        9


Dungeon Overview and Level Annotations

Branches:
Dungeon (1/1)

Altars:
Cheibriados
Dithmenos
Elyvilon
Fedhas
Gozag
Hepliaklqana
Kikubaaqudgha
Makhleb
Nemelex Xobeh
Okawaru
Qazlal
Ru
Sif Muna
Trog
Uskayaw
Vehumet
Wu Jian
Xom
Yredelemnul
Zin
The Shining One
Jiyva
Lugonu

Shops:
D [***


Innate Abilities, Weirdness & Mutations

You have a pair of horns on your head.
You reflexively headbutt those who attack you in melee.


Message History

The vault warden is no longer distracted by gold.
You slice the vault sentinel!!
The vault sentinel is almost dead.
The ice encasing you melts away.
An ironbound frostheart comes into view.
The vault warden hits you from afar with a +0 bardiche!
The vault sentinel hits you but does no damage.
You slash the vault sentinel!
You kill the vault sentinel!
The ironbound frostheart calls freezing cold from the walls.
The frost grips you!
You are encased in ice.
The vault warden hits you but does no damage.
An ironbound frostheart comes into view.
The ironbound frostheart shouts!
The ironbound frostheart calls freezing cold from the walls.
The frost grips you!!
* * * LOW HITPOINT WARNING * * *
The vault warden completely misses you.
Things that are here:
81 gold pieces; a +0 falchion; a +4 scale mail You slice the vault warden like a ripe choko!!!
The vault warden is almost dead.
The vault warden hits you but does no damage.
The vault sentinel blows a loud note on a signal horn!
You hear a shout!
You hear a roar!
You hear a shout!
You carve the vault warden like a ham!!!
You kill the vault warden!
An ironbound convoker comes into view. It is wielding a +0 great mace.
The ice encasing you melts away.
The vault sentinel casts a spell at you.
A sentinel's mark forms upon you.
The ironbound frostheart calls freezing cold from the walls.
The frost grips you!!
* * * LOW HITPOINT WARNING * * *
You are encased in ice.
The ironbound frostheart calls freezing cold from the walls.
The frost grips you!
You die...
Your body crumbles into a pile of gold.

▓.♣.♣.▓.▓.▓∩▓.▓. $
▓p▓.♣.♣.▓.▓.▓.▓.▓.
$
▓p▓.♣)♣.▓.▓.▓)▓.▓.
▓p▓.♣'♣.▓.▓.▓.▓.▓.
$
▓J▓.▓.▓.▓.▓.▓)▓.▓.
$
▓p▓.▓.▓.▓)▓.▓)▓.▓.
▓G▓.▓)▓.▓)▓.▓)▓.▓.
$
▓p▓.▓)▓.▓.▓.▓.▓.▓'
$
▓@▓.▓)▓.▓.▓.▓)▓.▓.
▓$▓.▓.▓.▓.▓.▓.▓.▓.
$
▓$▓.▓)▓.▓.▓.▓.▓.▓.
▓$▓.▓)▓.▓.▓.▓.▓.▓.
▓$▓.▓)▓.▓.▓.▓)▓.▓.
▓.▓.▓'▓.▓.▓.▓)▓.▓.
▓.▓.▓.▓.▓.▓.▓)▓)▓.
▓.▓.▓.▓)▓.▓.▓)▓.▓.
▓.▓.▓.▓.▓.▓.▓)▓.▓.


You could see a great orb of eyes, a slime creature, 4 ironbound frosthearts and
a vault sentinel (catching breath).

Vanquished Creatures
  A lich (D)
  Donald (D)
  A frost giant (D)
  A vault warden (D)
  An ironbound preserver (D)
  2 very ugly things (D)
  2 stone giants (D)
  Azrael (D)
  Snorg (D)
  3 ettins (D)
  A spark wasp (D)
  A merfolk javelineer (D)
  4 fire dragons (D)
  3 rakshasas (D)
  2 hydras (D)
  2 ice dragons (D)
  A spriggan air mage (D)
  Erica (D)
  2 jorogumos (D)
  An ogre mage (D)
  A centaur warrior (D)
  A radroach (D)
  An alligator (D)
  A merfolk avatar (D)
  A ghost crab (D)
  A boulder beetle (D)
  An anaconda (D)
  A deep troll shaman (D)
  A tengu warrior (D)
  5 orc high priests (D)
  A deep troll earth mage (D)
  2 naga sharpshooters (D)
  A hell knight (D)
  A spriggan druid (D)
  A glowing orange brain (D)
  2 sea snakes (D)
  A swamp dragon (D)
  A bog body (D)
  4 orc knights (D)
  A steelbarb worm (D)
  3 ugly things (D)
  An orc sorcerer (D)
  A manticore (D)
  A wolf spider (D)
  A salamander (D)
  A merfolk siren (D)
  A moth of wrath (D)
  An elephant (D)
  A guardian serpent (D)
  Joseph (D)
  A black mamba (shapeshifter) (D)
  A water nymph (D)
  2 vault sentinels (D)
  A black mamba (D)
  A gargoyle (D)
  4 cane toads (D)
  A rime drake (D)
  An unseen horror (D)
  Psyche (D)
  2 komodo dragons (D)
  2 trolls (D)
  A meliai (D)
  A bloated husk (D)
  A wind drake (D)
  A tyrant leech (D)
  3 polar bears (D)
  A hornet (D)
  2 blink frogs (D)
  A tarantella (shapeshifter) (D)
  A snapping turtle (D)
  A shadow (D)
  A spriggan (D)
  4 fire elementals (D)
  A wyvern (D)
  2 yaks (D)
  2 redbacks (D)
  2 vampire mosquitoes (D)
  3 nagas (D)
  3 water moccasins (D)
  2 hell hounds (D)
  13 orc warriors (D)
  5 black bears (D)
  A kobold brigand (D)
  A phantom (D)
  3 bullfrogs (D)
  A gnoll sergeant (D)
  3 orc priests (D)
  A hound (D)
  2 orc wizards (D)
  2 adders (D)
  An ufetubus (D)
  12 orcs (D)
  An endoplasm (D)
  2 frilled lizards (D)
  2 kobolds (D)
173 creatures vanquished.

Notes
Turn   | Place    | Note
-------+----------+-------------------------------------------
     0 | D        | rocky1 the Minotaur Gladiator began the quest for the Orb.
     0 | D        | Reached XP level 1. HP: 18/18 MP: 0/0
    10 | D        | Reached skill level 1 in Armour
    18 | D        | Noticed a phantom
    18 | D        | Noticed a hound
    23 | D        | Killed a hound
    24 | D        | Reached skill level 5 in Maces & Flails
    24 | D        | Reached XP level 2. HP: 20/27 MP: 1/1
    24 | D        | Reached XP level 3. HP: 24/33 MP: 2/2
    41 | D        | Killed a phantom
    42 | D        | Reached skill level 5 in Fighting
    42 | D        | Reached skill level 5 in Dodging
    42 | D        | Reached XP level 4. HP: 17/42 MP: 3/3
   339 | D        | Found a snail-covered altar of Cheibriados.
   339 | D        | Found a shadowy altar of Dithmenos.
   339 | D        | Found a white marble altar of Elyvilon.
   339 | D        | Found a blossoming altar of Fedhas.
   339 | D        | Found an opulent altar of Gozag.
   340 | D        | Found a hazy altar of Hepliaklqana.
   341 | D        | Found a viscous altar of Jiyva.
   342 | D        | Found an ancient bone altar of Kikubaaqudgha.
   343 | D        | Found a corrupted altar of Lugonu.
   344 | D        | Found a burning altar of Makhleb.
   345 | D        | Found a sparkling altar of Nemelex Xobeh.
   346 | D        | Found an iron altar of Okawaru.
   347 | D        | Found a stormy altar of Qazlal.
   349 | D        | Became a worshipper of Gozag Ym Sagoz the Greedy
   351 | D        | Found a sacrificial altar of Ru.
   352 | D        | Found a shimmering blue altar of Sif Muna.
   353 | D        | Found a bloodstained altar of Trog.
   354 | D        | Found a hide-covered altar of Uskayaw.
   355 | D        | Found a radiant altar of Vehumet.
   356 | D        | Found an ornate altar of the Wu Jian Council.
   357 | D        | Found a shimmering altar of Xom.
   358 | D        | Found a basalt altar of Yredelemnul.
   359 | D        | Found a glowing silver altar of Zin.
   360 | D        | Found a glowing golden altar of the Shining One.
   368 | D        | Found the +7 lajatang of Order {silver, rMut}
   419 | D        | Noticed a shadow
   419 | D        | Noticed a gnoll sergeant
   419 | D        | Noticed a kobold brigand
   419 | D        | Noticed a troll
   426 | D        | Killed an unseen horror
   427 | D        | Reached skill level 6 in Staves
   427 | D        | Reached XP level 5. HP: 26/52 MP: 4/4
   427 | D        | Reached XP level 6. HP: 30/60 MP: 5/5
   430 | D        | Reached skill level 7 in Staves
   433 | D        | Killed a troll
   434 | D        | Reached skill level 10 in Maces & Flails
   434 | D        | Reached skill level 8 in Staves
   434 | D        | Reached XP level 7. HP: 69/69 MP: 6/6
   442 | D        | Reached skill level 9 in Staves
   444 | D        | Killed a shadow
   659 | D        | Noticed a komodo dragon
   659 | D        | Noticed a seven-headed hydra
   659 | D        | Noticed a centaur warrior
   659 | D        | Noticed a vampire mosquito
   659 | D        | Noticed a troll
   659 | D        | Noticed a gargoyle
   667 | D        | Killed a gargoyle
   668 | D        | Reached skill level 10 in Staves
   668 | D        | Reached XP level 8. HP: 77/78 MP: 7/7
   669 | D        | Killed a troll
   670 | D        | Reached skill level 11 in Staves
   676 | D        | Reached skill level 10 in Fighting
   680 | D        | Killed a centaur warrior
   681 | D        | Reached skill level 12 in Staves
   681 | D        | Reached skill level 10 in Armour
   681 | D        | Reached skill level 10 in Dodging
   681 | D        | Reached XP level 9. HP: 82/86 MP: 8/8
   688 | D        | Killed a seven-headed hydra
   689 | D        | Reached skill level 13 in Staves
   692 | D        | Killed a komodo dragon
   861 | D        | Noticed Joseph
   872 | D        | Killed Joseph
   873 | D        | Reached skill level 14 in Staves
   995 | D        | Noticed a cane toad
   995 | D        | Noticed a rime drake
  1003 | D        | Killed a rime drake
  1004 | D        | Reached XP level 10. HP: 84/97 MP: 9/9
  1006 | D        | Killed a cane toad
  1010 | D        | Reached skill level 15 in Staves
  1098 | D        | Noticed a cane toad
  1098 | D        | Noticed a cane toad
  1098 | D        | Noticed a cane toad
  1106 | D        | Killed a cane toad
  1111 | D        | Noticed an elephant
  1115 | D        | Killed a cane toad
  1118 | D        | Reached skill level 16 in Staves
  1121 | D        | Killed a cane toad
  1133 | D        | Killed an elephant
  1343 | D        | Reached skill level 17 in Staves
  1348 | D        | Reached XP level 11. HP: 107/107 MP: 10/10
  1536 | D        | Noticed Psyche
  1542 | D        | Killed Psyche
  1757 | D        | Noticed an orc high priest
  1786 | D        | Killed an orc high priest
  1787 | D        | Reached skill level 15 in Maces & Flails
  1796 | D        | Reached skill level 18 in Staves
  2031 | D        | Found Vuawile's Book Boutique.
  2031 | D        | Noticed an orc knight
  2031 | D        | Noticed an orc high priest
  2031 | D        | Noticed an orc high priest
  2033 | D        | Killed an orc high priest
  2038 | D        | Killed an orc high priest
  2040 | D        | Found Uxtoymor's Assorted Antiques.
  2042 | D        | Noticed an orc knight
  2044 | D        | Killed an orc knight
  2048 | D        | Found Qepriuzu's Assorted Antiques.
  2048 | D        | Noticed an orc sorcerer
  2050 | D        | Noticed an orc high priest
  2051 | D        | Found Zauset's Assorted Antiques.
  2054 | D        | Killed an orc knight
  2057 | D        | Killed an orc sorcerer
  2058 | D        | Noticed an orc high priest
  2059 | D        | Noticed an orc knight
  2060 | D        | Killed an orc high priest
  2061 | D        | Reached skill level 15 in Fighting
  2066 | D        | Killed an orc high priest
  2073 | D        | Killed an orc knight
  2119 | D        | Bought a book of Debilitation for 220 gold pieces
  2119 | D        | Bought a book of Callings for 220 gold pieces
  2119 | D        | Bought a book of Annihilations for 660 gold pieces
  2119 | D        | Bought Maxwell's Memoranda for 418 gold pieces
  2119 | D        | Bought a book of Decay for 330 gold pieces
  2119 | D        | Bought a book of Alchemy for 308 gold pieces
  2119 | D        | Bought a book of Spatial Translocations for 198 gold pieces
  2119 | D        | Bought a book of Callings for 220 gold pieces
  2119 | D        | Bought a Grand Grimoire for 374 gold pieces
  2119 | D        | Bought a book of Transfigurations for 440 gold pieces
  2119 | D        | Bought Ozocubu's Autobiography for 264 gold pieces
  2121 | D        | Bought a red potion for 18 gold pieces
  2121 | D        | Bought 2 potions of mutation for 336 gold pieces
  2121 | D        | Bought a lumpy silvery potion for 18 gold pieces
  2121 | D        | Bought an ivory wand for 84 gold pieces
  2121 | D        | Bought a yellow potion for 18 gold pieces
  2121 | D        | Bought a scroll labelled SEP CAENAIDDI for 21 gold pieces
  2123 | D        | Bought a fuming ruby potion for 20 gold pieces
  2123 | D        | Bought a scroll of identify for 46 gold pieces
  2123 | D        | Bought a dented cameo amulet for 115 gold pieces
  2123 | D        | Bought a scroll of enchant weapon for 172 gold pieces
  2123 | D        | Bought a scroll of blinking for 172 gold pieces
  2123 | D        | Bought a scroll of blinking for 172 gold pieces
  2123 | D        | Bought a scroll labelled SEP CAENAIDDI for 23 gold pieces
  2125 | D        | Bought a scroll of enchant weapon for 202 gold pieces
  2125 | D        | Bought a scroll labelled UNTETA KYLIES for 27 gold pieces
  2125 | D        | Bought spiked swamp dragon scales for 1485 gold pieces
  2125 | D        | Identified the +0 swamp dragon scales of the Blizzard
                  | {rPois rCorr Str+2} (You bought it in a shop in the
                  | Dungeon)
  2431 | D        | Found the +3 Elemental Staff {rElec rF++ rC++ AC+5}
  2479 | D        | Noticed an orc knight
  2479 | D        | Noticed an ogre mage
  2479 | D        | Noticed a tengu warrior
  2482 | D        | Reached skill level 15 in Armour
  2484 | D        | Noticed a purple ugly thing
  2489 | D        | Noticed a purple very ugly thing
  2489 | D        | Killed a tengu warrior
  2490 | D        | Reached skill level 19 in Staves
  2498 | D        | Killed an ogre mage
  2498 | D        | Noticed a fire dragon
  2499 | D        | Reached XP level 12. HP: 106/122 MP: 11/11
  2506 | D        | Killed a purple very ugly thing
  2507 | D        | Reached skill level 15 in Dodging
  2512 | D        | Noticed a deep troll earth mage
  2515 | D        | Noticed a lich
  2517 | D        | Killed a fire dragon
  2519 | D        | Noticed a fire dragon
  2527 | D        | Killed a lich
  2532 | D        | Killed a deep troll earth mage
  2533 | D        | Reached skill level 20 in Staves
  2538 | D        | Killed a fire dragon
  2617 | D        | Noticed Snorg
  2624 | D        | Killed Snorg
  2674 | D        | Noticed Azrael
  2687 | D        | Killed Azrael
  2696 | D        | Noticed Erica
  2708 | D        | Killed Erica
  2911 | D        | Noticed a merfolk javelineer
  2916 | D        | Noticed a merfolk avatar
  2925 | D        | Killed a merfolk javelineer
  2944 | D        | Killed a merfolk avatar
  2945 | D        | Reached XP level 13. HP: 44/134 MP: 12/12
  2947 | D        | Reached skill level 21 in Staves
  3161 | D        | Noticed a spark wasp
  3189 | D        | Killed a spark wasp
  3508 | D        | Reached skill level 22 in Staves
  3758 | D        | Noticed Donald
  3769 | D        | Killed Donald
  3853 | D        | Noticed a brown very ugly thing
  3853 | D        | Noticed a fire dragon
  3853 | D        | Noticed a stone giant
  3853 | D        | Noticed an ettin
  3855 | D        | Killed an ettin
  3856 | D        | Noticed an ettin
  3860 | D        | Killed a stone giant
  3869 | D        | Killed a fire dragon
  3870 | D        | Noticed a frost giant
  3873 | D        | Killed a brown very ugly thing
  3887 | D        | Killed an ettin
  3899 | D        | Noticed a fire dragon
  3905 | D        | Killed a frost giant
  3906 | D        | Reached XP level 14. HP: 51/148 MP: 13/13
  3911 | D        | Reached skill level 23 in Staves
  3911 | D        | Noticed a stone giant
  3927 | D        | Killed a stone giant
  4346 | D        | Bought a potion of brilliance for 56 gold pieces
  4346 | D        | Bought a potion of heal wounds for 70 gold pieces
  4346 | D        | Bought a potion of curing for 42 gold pieces
  4346 | D        | Bought a potion of curing for 42 gold pieces
  4346 | D        | Bought a potion of curing for 42 gold pieces
  4346 | D        | Bought a potion of curing for 42 gold pieces
  4346 | D        | Bought a potion of heal wounds for 70 gold pieces
  4346 | D        | Bought a potion of heal wounds for 70 gold pieces
  4346 | D        | Bought a potion of curing for 42 gold pieces
  4346 | D        | Bought a potion of haste for 140 gold pieces
  4346 | D        | Bought a potion of brilliance for 56 gold pieces
  4346 | D        | Bought a potion of cancellation for 112 gold pieces
  4353 | D        | Bought the +9 plate armour of Insurance {Rampage rC+ rCorr
                  | Int-4} for 1188 gold pieces
  4356 | D        | Bought a potion of might for 64 gold pieces
  4356 | D        | Bought a potion of cancellation for 128 gold pieces
  4356 | D        | Bought a potion of brilliance for 64 gold pieces
  4356 | D        | Bought a potion of curing for 48 gold pieces
  4356 | D        | Bought a potion of might for 64 gold pieces
  4356 | D        | Bought a potion of degeneration for 16 gold pieces
  4356 | D        | Bought a potion of curing for 48 gold pieces
  4356 | D        | Bought a potion of mutation for 128 gold pieces
  4356 | D        | Bought a potion of brilliance for 64 gold pieces
  4384 | D        | Noticed a vault warden
  4384 | D        | Noticed an ironbound preserver
  4387 | D        | Killed an ironbound preserver
  4404 | D        | Killed a vault warden
  4405 | D        | Killed from afar by an ironbound frostheart

Illustrated notes

Levels and vault maps discovered:
D:        linesprint [early_d, line_temple, items_1, d_10, items_2, lair_1,
          lair_end, items_3, orc_1, orc_end, items_4, d_15, swamp_1, shoals_1,
          snake_1, spider_1, d_20, vaults_1, items_5, swamp_end, shoals_end,
          snake_end, spider_end, vaults_end, d_27, items_6, zot_1, zot_end,
          crypt_end, forest_end, elf_end, slime_end, tomb_end, abyss_end,
          pan_hell_end]

Skill      XL: |  1  2  3  4  5  6  7  8  9 10 11 12 13 14 |
---------------+-------------------------------------------+-----
Maces & Flails | 5 7 9 10 11 12 13 14 16 18 20 21 | 21.6
Armour         | 3 4 6 7 9 10 11 13 15 17 20 | 20.8
Fighting       | 4 5 7 8 9 10 12 13 15 17 20 21 | 21.1
Dodging        | 4 5 7 8 9 10 11 12 14 16 19 | 19.7
Staves         | 6 8 10 12 14 17 19 20 22 23 | 23.5
Throwing       | |  2.0

Action                     |  1- 3 |  4- 6 |  7- 9 | 10-12 | 13-15 || total
---------------------------+-------+-------+-------+-------+-------++-------
  Melee: Flail             |    29 |     4 |       |       |       ||    33
         Headbutt          |     4 |     3 |     9 |    55 |    38 ||   109
         Lajatang          |       |    11 |    38 |   257 |   164 ||   470
         Morningstar       |       |       |    13 |       |     3 ||    16
 Invoke: Potion Petition   |       |       |       |     1 |     4 ||     5
         Call Merchant     |       |       |       |       |     3 ||     3
    Use: Potion            |     1 |     2 |     1 |     1 |     3 ||     8
         Scroll            |       |       |       |     4 |       ||     4
   Stab: Distracted        |       |       |       |     6 |     2 ||     8
         Invisible         |       |       |       |     5 |       ||     5
 Armour: Leather armour    |     6 |       |       |       |       ||     6
         Ring mail         |       |     6 |    12 |    18 |       ||    36
         Swamp dragon scal |       |       |       |    14 |    26 ||    40
  Dodge: Dodged            |    28 |     9 |    49 |   126 |   115 ||   327

Table legend: (Time is in decaauts)
 A = Elapsed time spent in this place.
 B = Non-inter-level travel time spent in this place.
 C = Inter-level travel time spent in this place.
 D = Time resting spent in this place.
 E = Time spent auto-exploring this place.
 F = Levels seen in this place.
 G = Mean time per level.
                   A        B        C        D        E       F      G
               +--------+--------+--------+--------+--------+-----+--------+
         Total |   4246 |   4246 |      0 |   2499 |      0 |   1 | 4246.0 |
       Dungeon |   4246 |   4246 |      0 |   2499 |      0 |   1 | 4246.0 |
               +--------+--------+--------+--------+--------+-----+--------+

Top non-repeatable levels by time:
       D: 4246 daAuts
